 Dungeon Crawl Stone Soup version 0.27-a0-1026-gbab068f60c (webtiles) character file.

Game seed: 2787137059950027289

181 Morbidden the Shield-Bearer (level 5, 0/45 HPs)
             Began as a Demigod Fighter on Apr 18, 2021.
             Slain by a gnoll
             ... wielding a +0 spear
              (6 damage)
             ... on level 4 of the Dungeon.
             The game lasted 00:04:07 (2855 turns).

Morbidden the Shield-Bearer (Demigod Fighter)       Turns: 2855, Time: 00:04:07

Health: 0/45       AC:  2    Str: 26    XL:     5   Next: 11%
Magic:  9/9        EV: 10    Int: 13    God:
Gold:   139        SH:  8    Dex: 13    Spells: 6/6 levels left

rFire    . . .     SeeInvis .   a - +0 long sword
rCold    . . .     Faith    .   g - +3 buckler of Crawling {*Corrode Str+5 Int+3}
rNeg     . . .     Spirit   .   b - +0 scale mail
rPois    .         Reflect  .   (no helmet)
rElec    .         Harm     .   (no cloak)
rCorr    .         Rampage  .   (no gloves)
Will     .....                  (no boots)
Stlth    ..........             (no amulet)
HPRegen  0.15/turn              (no ring)
MPRegen  0.11/turn              (no ring)

@: mighty, corroded
A: high mp 1, forlorn
a: no special abilities


You were on level 4 of the Dungeon.
You visited 1 branch of the dungeon, and saw 4 of its levels.
You also visited: Sewer.

You collected 139 gold pieces.

Inventory:

Hand Weapons
 a - a +0 long sword (weapon)
Missiles
 i - 18 sling bullets
Armour
 b - a +0 scale mail (worn)
 g - the +3 buckler of Crawling (worn) {*Corrode Str+5 Int+3}
   (You found it on level 4 of the Dungeon)

   It affects your strength (+5).
   It affects your intelligence (+3).
   It may corrode you when you take damage.
Jewellery
 c - a ring of positive energy
Scrolls
 e - 2 scrolls of amnesia
 h - a scroll of enchant armour {unknown}
 j - 2 scrolls of magic mapping {unknown}
 m - a scroll of identify
 n - a scroll of teleportation
Potions
 d - a potion of might
 f - a potion of heal wounds {unknown}
 k - 2 potions of curing {unknown}
 l - 2 potions of brilliance {unknown}
 o - a potion of magic {unknown}


   Skills:
 * Level 3.2 Fighting
 + Level 2.6 Long Blades
 + Level 3.2 Armour
 * Level 1.6 Dodging
 + Level 0.6 Stealth
 + Level 3.5 Shields
 * Level 1.0 Spellcasting


You had 6 spell levels left.
You didn't know any spells.
Your spell library was empty.

Dungeon Overview and Level Annotations

Branches:
Dungeon (4/15)              Sewer (visited)
 Temple: D:4-7


Innate Abilities, Weirdness & Mutations

Your attributes grow dramatically as you level up.
You have an increased reservoir of magic. (+10% MP)
You shall have no god before yourself.


Message History

You closely miss the rat. The gnoll misses you. The rat misses you.
Unknown command.
You slash the rat!
You kill the rat!
The gnoll hits you from afar with a +0 spear. x2
You barely miss the gnoll.
The gnoll hits you from afar with a +0 spear.
You block the gnoll's attack. x2
Unknown command.
You barely miss the gnoll. You block the gnoll's attack. x2
The gnoll hits you with a +0 club.
The gnoll hits you from afar with a +0 spear.
You slice the gnoll!!
You kill the gnoll!
You block the gnoll's attack. x2; The gnoll barely misses you.
The gnoll hits you with a +0 flail.
You have reached level 5!
You barely miss the gnoll.
The gnoll is severely wounded.
The gnoll hits you but does no damage.
The gnoll hits you from afar with a +0 spear.
The gnoll hits you with a +0 flail!
* * * LOW HITPOINT WARNING * * *
Your corrosive artefact corrodes you!
You slash the gnoll!
You kill the gnoll!
The gnoll barely misses you. You block the gnoll's attack.
Unknown command.
You hit the dart slug.
The dart slug is heavily wounded.
You block the gnoll's attack. x2; The dart slug bites you.
* * * LOW HITPOINT WARNING * * *
The gnoll hits you from afar with a +0 spear.
* * * LOW HITPOINT WARNING * * *
The gnoll hits you but does no damage.
You hit the dart slug but do no damage.
The dart slug is heavily wounded.
The dart slug closely misses you. You block the gnoll's attack.
The gnoll hits you from afar with a +0 spear.
You die...

### ... .### #@# .#......#
##w## .w...#..#######g.g###
.....#..#.##.##.....##
........#..$.........##
...#..................##
#..##>...........##....###
....#.............#......#
.......#.................##


You could see 2 gnolls and a dart slug.

Vanquished Creatures
  A bullfrog (D:2)
  3 gnolls
  An adder (Sewer)
  A river rat (Sewer)
  A dart slug (D:4)
  6 ball pythons
  5 bats
  3 endoplasms
  6 giant cockroaches
  3 goblins
  4 hobgoblins
  3 jackals (D:1)
  6 kobolds
  3 quokkas
  13 frilled lizards
  10 rats
69 creatures vanquished.

Notes
Turn   | Place    | Note
-------+----------+-------------------------------------------
     0 | D:1      | Morbidden the Demigod Fighter began the quest for the Orb.
     0 | D:1      | Reached XP level 1. HP: 18/18 MP: 3/3
   354 | D:1      | Reached XP level 2. HP: 25/25 MP: 4/4
  1015 | D:2      | Reached XP level 3. HP: 28/30 MP: 6/6
  1441 | D:2      | Noticed a bullfrog
  1453 | D:2      | Killed a bullfrog
  1454 | D:2      | Reached skill level 1 in Dodging
  1454 | D:2      | Reached skill level 1 in Spellcasting
  1454 | D:2      | Reached XP level 4. HP: 4/38 MP: 6/8
  2193 | D:4      | Identified the +3 buckler of Crawling {*Corrode Str+5
                  | Int+3}
  2210 | D:4      | Found a glowing drain.
  2235 | Sewer    | Entered a sewer
  2852 | D:4      | Reached XP level 5. HP: 22/45 MP: 9/9
  2855 | D:4      | Slain by a gnoll

Illustrated notes

Levels and vault maps discovered:
D:1:      psy_arrival_heroes, layout_loops_ring,
          chequers_ecumenical_altar_island, grunt_decor_resistance
D:2:      minmay_diamond_boxcup, layout_basic, minivault_23
D:3:      layout_loops_ring, minmay_door_square
D:4:      layout_cave_pools, grunt_temple_overflow_open, portal_sewer_entry_a,
          minmay_pentangle

Skill      XL: |  1  2  3 |
---------------+----------+-----
Shields        | 3 |  3.5
Long Blades    | 2 |  2.6
Armour         | 3 |  3.2
Fighting       | 3 |  3.2
Dodging        | 1 |  1.6
Spellcasting   | 1 |  1.0
Stealth        | |  0.6

Action                   |  1- 3 |  4- 6 || total
-------------------------+-------+-------++-------
Melee: Long sword        |   130 |    99 ||   229
  Use: Scroll            |       |     3 ||     3
       Potion            |       |     2 ||     2
Armor: Scale mail        |    80 |    50 ||   130
Dodge: Dodged            |    51 |    53 ||   104
Block: Kite shield       |    86 |    27 ||   113
       Buckler           |       |    30 ||    30
       Rpst.: Long sword |    16 |    15 ||    31

Table legend: (Time is in decaauts)
 A = Elapsed time spent in this place.
 B = Non-inter-level travel time spent in this place.
 C = Inter-level travel time spent in this place.
 D = Time resting spent in this place.
 E = Time spent auto-exploring this place.
 F = Levels seen in this place.
 G = Mean time per level.
                   A        B        C        D        E       F      G
               +--------+--------+--------+--------+--------+-----+--------+
         Total |   3011 |   2929 |     82 |    480 |   1826 |   5 |  602.2 |
       Dungeon |   2368 |   2286 |     82 |    272 |   1550 |   4 |  592.0 |
         Sewer |    643 |    643 |      0 |    208 |    276 |   1 |  643.0 |
               +--------+--------+--------+--------+--------+-----+--------+

Top non-repeatable levels by time:
     D:2: 1169 daAuts
     D:1: 890 daAuts
   Sewer: 643 daAuts
     D:3: 202 daAuts
     D:4: 106 daAuts
